 Dungeon Crawl Stone Soup version 0.21.1-1-g345015fe64 (webtiles) character file.

42 Revguard the Ducker (level 3, -3/27 HPs)
             Began as a Demonspawn Gladiator on June 9, 2018.
             Slain by a worm (9 damage)
             ... on level 2 of the Dungeon.
             The game lasted 00:03:29 (588 turns).

Revguard the Ducker (Demonspawn Gladiator)           Turns: 588, Time: 00:03:30

Health: -3/27      AC:  4    Str: 14    XL:     3   Next: 35%
Magic:  3/3        EV: 13    Int:  9    God:
Gold:   66         SH:  0    Dex: 15    Spells: 2/2 levels left

rFire    . . .     SeeInvis .   a - +0 long sword
rCold    + . .     Gourm    .   (no shield)
rNeg     . . .     Faith    .   b - +0 leather armour
rPois    .         Spirit   .   c - +0 helmet
rElec    .         Reflect  .   (no cloak)
rCorr    .         Harm     .   (no gloves)
MR       .....                  (no boots)
Stlth    +.........             (no amulet)
HPRegen  0.09/turn              (no ring)
MPRegen  0.08/turn              (no ring)

@: no status effects
A: cold resistance 1, spiny 1
a: no special abilities


You were on level 2 of the Dungeon.
You were not hungry.

You visited 1 branch of the dungeon, and saw 2 of its levels.

You collected 66 gold pieces.

Inventory:

Hand Weapons
 a - a +0 long sword (weapon)
Missiles
 d - 3 throwing nets (quivered)
Armour
 b - a +0 leather armour (worn)
 c - a +0 helmet (worn)
Jewellery
 n - an uncursed amulet of faith
Scrolls
 m - a scroll of enchant weapon {unknown}
 o - a scroll of enchant armour {unknown}
Potions
 e - a potion of flight {unknown}
 g - a potion of degeneration {unknown}
 h - 3 potions of heal wounds
 i - a potion of haste {unknown}
 j - a potion of ambrosia {unknown}
 k - a potion of curing {unknown}
 l - a potion of lignification {unknown}
Comestibles
 f - 4 rations


   Skills:
 + Level 2.2 Fighting
 + Level 3.1 Long Blades
 - Level 1.7 Throwing
 + Level 0.3 Armour
 * Level 3.4 Dodging


You had 2 spell levels left.
You didn't know any spells.

Dungeon Overview and Level Annotations

Branches:
Dungeon (2/15)

Altars:
Ru


Innate Abilities, Weirdness & Mutations

Your flesh is cold resistant. (rC+)
You are partially covered in sharp spines.


Message History

The worm is severely wounded.
The worm is struck by your spines. The worm bites you.
You hit the worm but do no damage.
The worm is severely wounded.
You barely miss the worm.
The worm is severely wounded.
The worm is struck by your spines. The worm bites you.
You hit the worm but do no damage.
The worm is severely wounded.
The worm bites you!
You barely miss the worm.
The worm is severely wounded.
The worm is struck by your spines. The worm bites you!
* * * LOW HITPOINT WARNING * * *
You hit the worm but do no damage.
The worm is severely wounded.
You barely miss the worm.
The worm is severely wounded.
The worm is struck by your spines. The worm bites you!
You die...

########........### ####..
########...#####... .#
###......... #.### #####...).
..(..# ##.... ###..#.##### #....
#...... ...#############..).
#....##..##.#..............†.
#....##....w@....########.(..
###....##.....#.##..#######..†.
#....>..#####.#.###..#......(..
####...................####..†.
#######....#...........### ##...
..........<.#######....#### ##..
##......††.....#####......#######
#######....##.....##........^.
###.......(...).[.......


You could see a worm.

Vanquished Creatures
  An adder (D:2)
  An ooze (D:1)
  A dart slug (D:1)
  2 leopard geckos (D:2)
  2 giant cockroaches (D:1)
  6 goblins
  2 hobgoblins (D:1)
  4 kobolds
  2 bats
  A frilled lizard (D:1)
  4 rats
26 creatures vanquished.

Notes
Turn   | Place    | Note
-------+----------+-------------------------------------------
     0 | D:1      | Revguard the Demonspawn Gladiator began the quest for the Orb.
     0 | D:1      | Reached XP level 1. HP: 16/16 MP: 1/1
    55 | D:1      | Gained mutation: You are partially covered in sharp spines. [demonic ancestry]
    55 | D:1      | Reached XP level 2. HP: 22/22 MP: 2/2
   364 | D:2      | Gained mutation: Your flesh is cold resistant. (rC+) [demonic ancestry]
   364 | D:2      | Reached XP level 3. HP: 24/27 MP: 3/3
   514 | D:2      | Found a sacrificial altar of Ru.
   588 | D:2      | Slain by a worm

Skill      XL: |  1  2 |
---------------+-------+-----
Dodging        | 3 |  3.4
Long Blades    | 3 |  3.1
Fighting       | |  2.2
Throwing       | |  1.7
Armour         | |  0.3

Action                   || total
-------------------------++-------
Melee: Long sword        ||    43
  Use: Scroll            ||     3
Armor: Leather armour    ||     8
Dodge: Dodged            ||    20
       Rpst.: Long sword ||     6
